Workbook

Sheet AGM Accounts
B2: Events | C2: Date | D2: Income | E2: Expense | F2: Profit
B4: ='Non-Uniform Days'!B4 -> Non-Uniform Day | C4: ='Non-Uniform Days'!C4 -> 44127 | D4: ='Non-Uniform Days'!D4 -> 187 | E4: ='Non-Uniform Days'!E4 -> 0 | F4: =D4-E4 -> 187
B5: ='Non-Uniform Days'!B5 -> Non-Uniform Day | C5: ='Non-Uniform Days'!C5 -> 44281 | D5: ='Non-Uniform Days'!D5 -> 223 | E5: ='Non-Uniform Days'!E5 -> 83 | F5: =D5-E5 -> 140
B6: =B5 -> Non-Uniform Day | C6: ='Non-Uniform Days'!C6 -> 44370 | D6: ='Non-Uniform Days'!D6 -> 139.1 | E6: ='Non-Uniform Days'!E6 -> 0 | F6: =D6-E6 -> 139.1
B7: ='Xmas Fayre'!B2 -> Xmas Fayre | C7: ='Xmas Fayre'!C2 -> 44176 | D7: ='Xmas Fayre'!D27 -> 634.5 | E7: ='Xmas Fayre'!E27 -> 244.96 | F7: =D7-E7 -> 389.54
B8: ='Santa Stroll'!B2 -> Santa Stroll | C8: ='Santa Stroll'!C2 -> 44167 | D8: ='Santa Stroll'!D27 -> 1056.06 | E8: ='Santa Stroll'!E27 -> 0 | F8: =D8-E8 -> 1056.06
B9: ='Xmas Craft Gifts'!B4 -> Commision - Craft Gifts | C9: ='Xmas Craft Gifts'!C4 -> 44166 | D9: ='Xmas Craft Gifts'!D4 -> 178.7 | E9: ='Xmas Craft Gifts'!E4 -> 0 | F9: =D9-E9 -> 178.7
B10: ='Non-Uniform Days'!B7 -> Non-Uniform Day | C10: ='Non-Uniform Days'!C7 -> 44488 | D10: ='Non-Uniform Days'!D7 -> 115 | E10: ='Non-Uniform Days'!E7 -> 0 | F10: =D10-E10 -> 115
F11: =D11-E11 -> 0
F12: =D12-E12 -> 0
F13: =D13-E13 -> 0
F14: =D14-E14 -> 0
F15: =D15-E15 -> 0
F16: =D16-E16 -> 0
F17: =D17-E17 -> 0
F18: =D18-E18 -> 0
F19: =D19-E19 -> 0
F20: =D20-E20 -> 0
F21: =D21-E21 -> 0
F22: =D22-E22 -> 0
... F26: =D26-E26 -> 0
B28: Total | D28: =SUM(D4:D26) -> 2533.36 | E28: =SUM(E4:E26) -> 327.96 | F28: =SUM(F4:F26) -> 2205.4
B30: ='Other Income'!B2 -> Other Income | C30: Date | D30: Income | E30: Expense | F30: Profit
B32: Other Income | C32: Ongoing | D32: ='Other Income'!D37 -> 1754.19 | E32: ='Other Income'!E37 -> 0 | F32: =D32-E32 -> 1754.19
B34: Total | D34: =D32 -> 1754.19 | E34: =E32 -> 0 | F34: =F32 -> 1754.19
B36: =Expenditure!B2 -> Expenditure | C36: Date | D36: Income | E36: Expense | F36: Profit
B38: =B36 -> Expenditure | C38: Ongoing | D38: =Expenditure!D37 -> 0 | E38: =Expenditure!E37 -> 194 | F38: =D38-E38 -> -194
B40: Total | D40: =D38 -> 0 | E40: =E38 -> 194 | F40: =F38 -> -194
B42: Total Income/Expenditure | C42: Date | D42: Income | E42: Expense | F42: Profit
B44: =B42 -> Total Income/Expenditure | C44: Ongoing | D44: =D28+D34+D40 -> 4287.55 | E44: =E28+E34+E40 -> 521.96 | F44: =D44-E44 -> 3765.59
B46: Total | D46: =D44 -> 4287.55 | E46: =E44 -> 521.96 | F46: =F44 -> 3765.59
B48: Banking/Petty Cash | C48: Date | D48: Deposit | E48: Withdrawl | F48: Balance
B50: Banking | C50: Ongoing | D50: =Banking!D28 -> 4707.45 | E50: =Banking!E28 -> 111 | F50: =D50-E50 -> 4596.45
B51: Petty Cash | C51: Ongoing | D51: =Banking!D32 -> 0 | E51: =Banking!E32 -> 0 | F51: =D51-E51 -> 0
B53: Total | D53: =SUM(D50:D51) -> 4707.45 | E53: =SUM(E50:E51) -> 111 | F53: =D53-E53 -> 4596.45

Sheet Banking
B2: Banking | C2: Date | D2: Deposit | E2: Withdrawl | F2: Balance
B4: Opening Balance | C4: 44131 | D4: 84.45 | E4: 0 | F4: =D4-E4 -> 84.45
B5: Deposit | C5: 44105 | D5: 190 | E5: 0 | F5: =D5-E5 -> 190
B6: Deposit | C6: 44166 | D6: 1055.8 | E6: 0 | F6: =D6-E6 -> 1055.8
B7: Parent Kind | C7: 44200 | D7: 0 | E7: 111 | F7: =D7-E7 -> -111
B8: Deposit | C8: 44218 | D8: 607.6 | E8: 0 | F8: =D8-E8 -> 607.6
B9: Cauliflour Group | C9: 44221 | D9: 178.7 | E9: 0 | F9: =D9-E9 -> 178.7
B10: Amazon Group | C10: 44238 | D10: 37.5 | E10: 0 | F10: =D10-E10 -> 37.5
B11: The Giving Machine | C11: 44246 | D11: 15.05 | E11: 0 | F11: =D11-E11 -> 15.05
B12: Deposit | C12: 44302 | D12: 181.25 | E12: 0 | F12: =D12-E12 -> 181.25
B13: The Giving Machine | C13: 44313 | D13: 21.59 | E13: 0 | F13: =D13-E13 -> 21.59
B14: Amazon Group | C14: 44340 | D14: 37.8 | E14: 0 | F14: =D14-E14 -> 37.8
B15: The Giving Machine | C15: 44365 | D15: 16.73 | E15: 0 | F15: =D15-E15 -> 16.73
... B20: The Giving Machine | C20: 44463 | D20: 16.36 | E20: 0 | F20: =D20-E20 -> 16.36
F21: =D21-E21 -> 0
F22: =D22-E22 -> 0
F23: =D23-E23 -> 0
F24: =D24-E24 -> 0
F25: =D25-E25 -> 0
F26: =D26-E26 -> 0
B28: Total Balance | D28: =SUM(D4:D26) -> 4707.45 | E28: =SUM(E4:E26) -> 111 | F28: =SUM(F4:F26) -> 4596.45
B30: Petty Cash | C30: Date | D30: Deposit | E30: Withdrawl | F30: Balance
B32: Petty Cash Total | D32: 0 | E32: 0 | F32: =D32-E32 -> 0
B34: £2000 cheque for the school to go out, but isn't appearing on the statement 28th May - 27th June

Sheet Non-Uniform Days
B2: Item | C2: Date | D2: Income | E2: Expense | F2: Profit | H2: Notes | J2: Money Box | K2: Float | L2: Total
B4: Non-Uniform Day | C4: 44127 | D4: 187 | E4: 0 | F4: =D4-E4 -> 187 | L4: =SUM(J4:K4) -> 0
B5: Non-Uniform Day | C5: 44281 | D5: 223 | E5: 83 | F5: =D5-E5 -> 140 | L5: =SUM(J5:K5) -> 0
B6: Non-Uniform Day | C6: 44370 | D6: 139.1 | E6: 0 | F6: =D6-E6 -> 139.1 | L6: =SUM(J6:K6) -> 0
B7: Non-Uniform Day | C7: 44488 | D7: 115 | E7: 0 | F7: =D7-E7 -> 115 | L7: =SUM(J7:K7) -> 0
F8: =D8-E8 -> 0 | L8: =SUM(J8:K8) -> 0
F9: =D9-E9 -> 0 | L9: =SUM(J9:K9) -> 0
F10: =D10-E10 -> 0 | L10: =SUM(J10:K10) -> 0
F11: =D11-E11 -> 0 | L11: =SUM(J11:K11) -> 0
F12: =D12-E12 -> 0 | L12: =SUM(J12:K12) -> 0
F13: =D13-E13 -> 0 | L13: =SUM(J13:K13) -> 0
F14: =D14-E14 -> 0 | L14: =SUM(J14:K14) -> 0
F15: =D15-E15 -> 0 | L15: =SUM(J15:K15) -> 0
F16: =D16-E16 -> 0 | L16: =SUM(J16:K16) -> 0
F17: =D17-E17 -> 0 | L17: =SUM(J17:K17) -> 0
F18: =D18-E18 -> 0 | L18: =SUM(J18:K18) -> 0
F19: =D19-E19 -> 0 | L19: =SUM(J19:K19) -> 0
... F25: =D25-E25 -> 0 | L25: =SUM(J25:K25) -> 0
B27: Total | D27: =SUM(D4:D25) -> 664.1 | E27: =SUM(E4:E25) -> 83 | F27: =SUM(F4:F25) -> 581.1 | J27: =SUM(J4:J25) -> 0 | K27: =SUM(K4:K25) -> 0 | L27: =SUM(L4:L25) -> 0

Sheet Xmas Fayre
B2: Xmas Fayre | C2: 44176 | D2: Income | E2: Expense | F2: Profit | H2: Notes | J2: Money Box | K2: Float | L2: Total
B4: Children gifts | D4: 304 | F4: =D4-E4 -> 304 | L4: =SUM(J4:K4) -> 0
B5: Childs Raffle | D5: 138 | F5: =D5-E5 -> 138 | L5: =SUM(J5:K5) -> 0
B6: Adult Raffle | D6: 122 | F6: =D6-E6 -> 122 | L6: =SUM(J6:K6) -> 0
B7: Name the Elf | D7: 65.5 | F7: =D7-E7 -> 65.5 | L7: =SUM(J7:K7) -> 0
B8: Gifts mugs yr 4,5,6 | D8: 0 | E8: 11.97 | F8: =D8-E8 -> -11.97 | H8: Siobhan - Receipt Received | L8: =SUM(J8:K8) -> 0
B9: Gifts coluring set yr 3 | D9: 0 | E9: 95 | F9: =D9-E9 -> -95 | H9: Balloons & Party - Receipt Received | L9: =SUM(J9:K9) -> 0
B10: Gifts books yr rec,1,2 | D10: 0 | E10: 30 | F10: =D10-E10 -> -30 | H10: Derek - Receipt Received | L10: =SUM(J10:K10) -> 0
B11: Wrapping paper | D11: 0 | E11: 95 | F11: =D11-E11 -> -95 | H11: Derek - Receipt Received | L11: =SUM(J11:K11) -> 0
B12: Donations | D12: 5 | E12: 12.99 | F12: =D12-E12 -> -7.99 | H12: Derek - Receipt Received | L12: =SUM(J12:K12) -> 0
F13: =D13-E13 -> 0 | L13: =SUM(J13:K13) -> 0
F14: =D14-E14 -> 0 | L14: =SUM(J14:K14) -> 0
F15: =D15-E15 -> 0 | L15: =SUM(J15:K15) -> 0
F16: =D16-E16 -> 0 | L16: =SUM(J16:K16) -> 0
F17: =D17-E17 -> 0 | L17: =SUM(J17:K17) -> 0
F18: =D18-E18 -> 0 | L18: =SUM(J18:K18) -> 0
F19: =D19-E19 -> 0 | L19: =SUM(J19:K19) -> 0
F20: =D20-E20 -> 0 | L20: =SUM(J20:K20) -> 0
F21: =D21-E21 -> 0 | L21: =SUM(J21:K21) -> 0
F22: =D22-E22 -> 0 | L22: =SUM(J22:K22) -> 0
F23: =D23-E23 -> 0 | L23: =SUM(J23:K23) -> 0
F24: =D24-E24 -> 0 | L24: =SUM(J24:K24) -> 0
F25: =D25-E25 -> 0 | L25: =SUM(J25:K25) -> 0
B27: Total | D27: =SUM(D4:D25) -> 634.5 | E27: =SUM(E4:E25) -> 244.96 | F27: =SUM(F4:F25) -> 389.54 | J27: =SUM(J4:J25) -> 0 | K27: =SUM(K4:K25) -> 0 | L27: =SUM(L4:L25) -> 0

Sheet Santa Stroll
B2: Santa Stroll | C2: 44167 | D2: Income | E2: Expense | F2: Profit | H2: Notes | J2: Money Box | K2: Float | L2: Total
B4: Santa Stoll | D4: 148 | E4: 0 | F4: =D4-E4 -> 148 | L4: =SUM(J4:K4) -> 0
B5: Childrens Donations | D5: 0 | E5: 0 | F5: =D5-E5 -> 0 | L5: =SUM(J5:K5) -> 0
B6: Sponsorship | D6: 908.06 | E6: 0 | F6: =D6-E6 -> 908.06 | L6: =SUM(J6:K6) -> 0
F7: =D7-E7 -> 0 | L7: =SUM(J7:K7) -> 0
F8: =D8-E8 -> 0 | L8: =SUM(J8:K8) -> 0
F9: =D9-E9 -> 0 | L9: =SUM(J9:K9) -> 0
F10: =D10-E10 -> 0 | L10: =SUM(J10:K10) -> 0
F11: =D11-E11 -> 0 | L11: =SUM(J11:K11) -> 0
F12: =D12-E12 -> 0 | L12: =SUM(J12:K12) -> 0
F13: =D13-E13 -> 0 | L13: =SUM(J13:K13) -> 0
F14: =D14-E14 -> 0 | L14: =SUM(J14:K14) -> 0
F15: =D15-E15 -> 0 | L15: =SUM(J15:K15) -> 0
F16: =D16-E16 -> 0 | L16: =SUM(J16:K16) -> 0
F17: =D17-E17 -> 0 | L17: =SUM(J17:K17) -> 0
F18: =D18-E18 -> 0 | L18: =SUM(J18:K18) -> 0
... F25: =D25-E25 -> 0 | L25: =SUM(J25:K25) -> 0
B27: Total | D27: =SUM(D4:D25) -> 1056.06 | E27: =SUM(E4:E25) -> 0 | F27: =SUM(F4:F25) -> 1056.06 | J27: =SUM(J4:J25) -> 0 | K27: =SUM(K4:K25) -> 0 | L27: =SUM(L4:L25) -> 0

Sheet Xmas Craft Gifts
B2: Xmas Craft Gifts | C2: 44166 | D2: Income | E2: Expense | F2: Profit | H2: Notes | J2: Money Box | K2: Float | L2: Total
B4: Commision - Craft Gifts | C4: =C2 -> 44166 | D4: 178.7 | E4: 0 | F4: =D4-E4 -> 178.7 | L4: =SUM(J4:K4) -> 0
F5: =D5-E5 -> 0 | L5: =SUM(J5:K5) -> 0
F6: =D6-E6 -> 0 | L6: =SUM(J6:K6) -> 0
F7: =D7-E7 -> 0 | L7: =SUM(J7:K7) -> 0
F8: =D8-E8 -> 0 | L8: =SUM(J8:K8) -> 0
F9: =D9-E9 -> 0 | L9: =SUM(J9:K9) -> 0
F10: =D10-E10 -> 0 | L10: =SUM(J10:K10) -> 0
F11: =D11-E11 -> 0 | L11: =SUM(J11:K11) -> 0
F12: =D12-E12 -> 0 | L12: =SUM(J12:K12) -> 0
F13: =D13-E13 -> 0 | L13: =SUM(J13:K13) -> 0
F14: =D14-E14 -> 0 | L14: =SUM(J14:K14) -> 0
F15: =D15-E15 -> 0 | L15: =SUM(J15:K15) -> 0
F16: =D16-E16 -> 0 | L16: =SUM(J16:K16) -> 0
... F25: =D25-E25 -> 0 | L25: =SUM(J25:K25) -> 0
B27: Total | D27: =SUM(D4:D25) -> 178.7 | E27: =SUM(E4:E25) -> 0 | F27: =SUM(F4:F25) -> 178.7 | J27: =SUM(J4:J25) -> 0 | K27: =SUM(K4:K25) -> 0 | L27: =SUM(L4:L25) -> 0

Sheet Other Income
B2: Other Income | C2: Date | D2: Income | E2: Expense | F2: Profit | H2: Notes | J2: Money Box | K2: Float | L2: Total
B4: M&G | C4: 43709 | F4: =D4-E4 -> 0 | L4: =SUM(J4:K4) -> 0
B5: 2nd Hand Uniform | C5: 43739 | F5: =D5-E5 -> 0 | L5: =SUM(J5:K5) -> 0
B6: Giving Machine | C6: 43770 | F6: =D6-E6 -> 0 | L6: =SUM(J6:K6) -> 0
B7: Co Op Cards | C7: 43831 | F7: =D7-E7 -> 0 | L7: =SUM(J7:K7) -> 0
B8: M&G | C8: 43831 | F8: =D8-E8 -> 0 | L8: =SUM(J8:K8) -> 0
B9: Amazon Commsion | C9: 43862 | D9: 37.5 | F9: =D9-E9 -> 37.5 | L9: =SUM(J9:K9) -> 0
C10: 44228 | F10: =D10-E10 -> 0 | L10: =SUM(J10:K10) -> 0
B11: Giving Machine | C11: 44228 | D11: 15.05 | F11: =D11-E11 -> 15.05 | L11: =SUM(J11:K11) -> 0
B12: Giving Machine | C12: 44313 | D12: 21.59 | F12: =D12-E12 -> 21.59 | L12: =SUM(J12:K12) -> 0
B13: Amazon Commsion | C13: 44340 | D13: 37.8 | F13: 37.8 | L13: =SUM(J13:K13) -> 0
B14: The Giving Machine | C14: 44365 | D14: 16.73 | F14: 16.73
B15: Charities Trust | C15: 44397 | D15: 1600 | F15: =D15-E15 -> 1600 | L15: =SUM(J15:K15) -> 0
B16: Amazon Commsion | C16: 44425 | D16: 25.52 | F16: =D16-E16 -> 25.52 | L16: =SUM(J16:K16) -> 0
F17: =D17-E17 -> 0 | L17: =SUM(J17:K17) -> 0
F18: =D18-E18 -> 0 | L18: =SUM(J18:K18) -> 0
F19: =D19-E19 -> 0 | L19: =SUM(J19:K19) -> 0
F20: =D20-E20 -> 0 | L20: =SUM(J20:K20) -> 0
F21: =D21-E21 -> 0 | L21: =SUM(J21:K21) -> 0
F22: =D22-E22 -> 0 | L22: =SUM(J22:K22) -> 0
F23: =D23-E23 -> 0 | L23: =SUM(J23:K23) -> 0
F24: =D24-E24 -> 0 | L24: =SUM(J24:K24) -> 0
F25: =D25-E25 -> 0 | L25: =SUM(J25:K25) -> 0
F26: =D26-E26 -> 0 | L26: =SUM(J26:K26) -> 0
F27: =D27-E27 -> 0 | L27: =SUM(J27:K27) -> 0
F28: =D28-E28 -> 0 | L28: =SUM(J28:K28) -> 0
... F35: =D35-E35 -> 0 | L35: =SUM(J35:K35) -> 0
B37: Total | D37: =SUM(D4:D35) -> 1754.19 | E37: =SUM(E4:E35) -> 0 | F37: =SUM(F4:F35) -> 1754.19 | J37: =SUM(J4:J35) -> 0 | K37: =SUM(K4:K35) -> 0 | L37: =SUM(L4:L35) -> 0

Sheet Expenditure
B2: Expenditure | C2: Date | D2: Income | E2: Expense | F2: Profit | H2: Notes | J2: Money Box | K2: Float | L2: Total
B4: Posters (Cheque) | C4: 43739 | D4: 0 | E4: 0 | F4: =D4-E4 -> 0 | L4: =SUM(J4:K4) -> 0
B5: Police Donation (Cheque) | C5: 43739 | D5: 0 | E5: 0 | F5: =D5-E5 -> 0 | L5: =SUM(J5:K5) -> 0
B6: ParentKind PA fees | C6: 44228 | D6: 0 | E6: 111 | F6: =D6-E6 -> -111 | L6: =SUM(J6:K6) -> 0
B7: School Library | C7: 44013 | D7: 0 | E7: 0 | F7: =D7-E7 -> 0 | L7: =SUM(J7:K7) -> 0
B8: Snack items for easter | C8: 44256 | D8: 0 | E8: 83 | F8: =D8-E8 -> -83 | H8: paid to Michelle from Derek(Derek to collect from non uniform day reciepts available) | L8: =SUM(J8:K8) -> 0
F9: =D9-E9 -> 0 | L9: =SUM(J9:K9) -> 0
F10: =D10-E10 -> 0 | L10: =SUM(J10:K10) -> 0
F11: =D11-E11 -> 0 | L11: =SUM(J11:K11) -> 0
F12: =D12-E12 -> 0 | L12: =SUM(J12:K12) -> 0
F13: =D13-E13 -> 0 | L13: =SUM(J13:K13) -> 0
F14: =D14-E14 -> 0 | L14: =SUM(J14:K14) -> 0
F15: =D15-E15 -> 0 | L15: =SUM(J15:K15) -> 0
F16: =D16-E16 -> 0 | L16: =SUM(J16:K16) -> 0
F17: =D17-E17 -> 0 | L17: =SUM(J17:K17) -> 0
F18: =D18-E18 -> 0 | L18: =SUM(J18:K18) -> 0
F19: =D19-E19 -> 0 | L19: =SUM(J19:K19) -> 0
F20: =D20-E20 -> 0 | L20: =SUM(J20:K20) -> 0
... F35: =D35-E35 -> 0 | L35: =SUM(J35:K35) -> 0
B37: Total | D37: =SUM(D4:D35) -> 0 | E37: =SUM(E4:E35) -> 194 | F37: =SUM(F4:F35) -> -194 | J37: =SUM(J4:J35) -> 0 | K37: =SUM(K4:K35) -> 0 | L37: =SUM(L4:L35) -> 0

Sheet Blank
B2: Event | C2: Date | D2: Income | E2: Expense | F2: Profit | H2: Notes | J2: Money Box | K2: Float | L2: Total
F4: =D4-E4 -> 0 | L4: =SUM(J4:K4) -> 0
F5: =D5-E5 -> 0 | L5: =SUM(J5:K5) -> 0
F6: =D6-E6 -> 0 | L6: =SUM(J6:K6) -> 0
F7: =D7-E7 -> 0 | L7: =SUM(J7:K7) -> 0
F8: =D8-E8 -> 0 | L8: =SUM(J8:K8) -> 0
F9: =D9-E9 -> 0 | L9: =SUM(J9:K9) -> 0
F10: =D10-E10 -> 0 | L10: =SUM(J10:K10) -> 0
F11: =D11-E11 -> 0 | L11: =SUM(J11:K11) -> 0
F12: =D12-E12 -> 0 | L12: =SUM(J12:K12) -> 0
F13: =D13-E13 -> 0 | L13: =SUM(J13:K13) -> 0
F14: =D14-E14 -> 0 | L14: =SUM(J14:K14) -> 0
F15: =D15-E15 -> 0 | L15: =SUM(J15:K15) -> 0
... F25: =D25-E25 -> 0 | L25: =SUM(J25:K25) -> 0
B27: Total | D27: =SUM(D4:D25) -> 0 | E27: =SUM(E4:E25) -> 0 | F27: =SUM(F4:F25) -> 0 | J27: =SUM(J4:J25) -> 0 | K27: =SUM(K4:K25) -> 0 | L27: =SUM(L4:L25) -> 0

Sheet Blank 2
B2: Event | C2: Date | D2: Income | E2: Expense | F2: Profit | H2: Notes | J2: Money Box | K2: Float | L2: Total
F4: =D4-E4 -> 0 | L4: =SUM(J4:K4) -> 0
F5: =D5-E5 -> 0 | L5: =SUM(J5:K5) -> 0
F6: =D6-E6 -> 0 | L6: =SUM(J6:K6) -> 0
F7: =D7-E7 -> 0 | L7: =SUM(J7:K7) -> 0
F8: =D8-E8 -> 0 | L8: =SUM(J8:K8) -> 0
F9: =D9-E9 -> 0 | L9: =SUM(J9:K9) -> 0
F10: =D10-E10 -> 0 | L10: =SUM(J10:K10) -> 0
F11: =D11-E11 -> 0 | L11: =SUM(J11:K11) -> 0
F12: =D12-E12 -> 0 | L12: =SUM(J12:K12) -> 0
F13: =D13-E13 -> 0 | L13: =SUM(J13:K13) -> 0
F14: =D14-E14 -> 0 | L14: =SUM(J14:K14) -> 0
F15: =D15-E15 -> 0 | L15: =SUM(J15:K15) -> 0
... F25: =D25-E25 -> 0 | L25: =SUM(J25:K25) -> 0
B27: Total | D27: =SUM(D4:D25) -> 0 | E27: =SUM(E4:E25) -> 0 | F27: =SUM(F4:F25) -> 0 | J27: =SUM(J4:J25) -> 0 | K27: =SUM(K4:K25) -> 0 | L27: =SUM(L4:L25) -> 0

Sheet Blank 3
B2: Event | C2: Date | D2: Income | E2: Expense | F2: Profit | H2: Notes | J2: Money Box | K2: Float | L2: Total
F4: =D4-E4 -> 0 | L4: =SUM(J4:K4) -> 0
F5: =D5-E5 -> 0 | L5: =SUM(J5:K5) -> 0
F6: =D6-E6 -> 0 | L6: =SUM(J6:K6) -> 0
F7: =D7-E7 -> 0 | L7: =SUM(J7:K7) -> 0
F8: =D8-E8 -> 0 | L8: =SUM(J8:K8) -> 0
F9: =D9-E9 -> 0 | L9: =SUM(J9:K9) -> 0
F10: =D10-E10 -> 0 | L10: =SUM(J10:K10) -> 0
F11: =D11-E11 -> 0 | L11: =SUM(J11:K11) -> 0
F12: =D12-E12 -> 0 | L12: =SUM(J12:K12) -> 0
F13: =D13-E13 -> 0 | L13: =SUM(J13:K13) -> 0
F14: =D14-E14 -> 0 | L14: =SUM(J14:K14) -> 0
F15: =D15-E15 -> 0 | L15: =SUM(J15:K15) -> 0
... F25: =D25-E25 -> 0 | L25: =SUM(J25:K25) -> 0
B27: Total | D27: =SUM(D4:D25) -> 0 | E27: =SUM(E4:E25) -> 0 | F27: =SUM(F4:F25) -> 0 | J27: =SUM(J4:J25) -> 0 | K27: =SUM(K4:K25) -> 0 | L27: =SUM(L4:L25) -> 0
